 Dungeon Crawl Stone Soup version 0.27.0-1-g7a089689b8 (webtiles) character file.

Game seed: 119535250435850092

835 Naeght the Skirmisher (level 7, -1/64 HPs)
             Began as a Minotaur Berserker on Aug 14, 2021.
             Was an Elder of Trog.
             Slain by an orc wizard (12 damage)
             ... on level 4 of the Dungeon.
             The game lasted 00:05:07 (4540 turns).

Naeght the Skirmisher (Minotaur Berserker)          Turns: 4540, Time: 00:05:08

Health: -1/64      AC:  7    Str: 23    XL:     7   Next: 66%
Magic:  6/6        EV: 11    Int:  4    God:    Trog [****..]
Gold:   111        SH:  0    Dex: 10    Spells: 6/6 levels left

rFire    . . .     SeeInvis .   a - +0 falchion
rCold    . . .     Faith    .   (no shield)
rNeg     . . .     Spirit   .   g - +0 scale mail
rPois    .         Reflect  .   (helmet restricted)
rElec    .         Harm     .   (no cloak)
rCorr    .         Rampage  .   (no gloves)
Will     .....                  (no boots)
Stlth    ..........             (no amulet)
HPRegen  0.20/turn              (no ring)
MPRegen  0.10/turn              (no ring)

@: confused
A: horns 2, retaliatory headbutt
a: Renounce Religion, Berserk, Trog's Hand, Brothers in Arms


You were on level 4 of the Dungeon.
You worshipped Trog.
Trog was greatly pleased with you.
You visited 1 branch of the dungeon, and saw 4 of its levels.
You also visited: Ossuary.

You collected 111 gold pieces.

Inventory:

Hand Weapons
 a - a +0 falchion (weapon)
Missiles
 l - 50 stones (quivered)
Armour
 g - a +0 scale mail (worn)
Jewellery
 h - an amulet of regeneration
Scrolls
 b - a scroll of enchant armour {unknown}
 c - a scroll of vulnerability {unknown}
 d - 3 scrolls of identify {unknown}
 e - 2 scrolls of enchant weapon {unknown}
 f - 3 scrolls of teleportation {unknown}
Potions
 i - 2 potions of curing
 j - 2 potions of attraction {unknown}
 k - a potion of degeneration {unknown}


   Skills:
 + Level 6.3 Fighting
 + Level 6.3 Long Blades
 + Level 5.6 Armour
 + Level 5.2 Dodging


You had 6 spell levels left.
You didn't know any spells.
Your spell library was empty.

Dungeon Overview and Level Annotations

Branches:
Dungeon (4/15)            Ossuary (visited)
 Temple: D:4-7

Altars:
Hepliaklqana

Shops:
D:3 [


Innate Abilities, Weirdness & Mutations

You have a pair of horns on your head.
You reflexively headbutt those who attack you in melee.


Message History

You headbutt the orc wizard, but do no damage.
The orc wizard hits you with a +0 lajatang.
You closely miss the orc wizard. You headbutt the orc wizard!
The orc wizard is severely wounded.
The orc wizard casts a spell.
The orc wizard flickers and vanishes!
Deactivating autopickup; reactivate with Ctrl-A.
No target in view!
No target in view!
No target in view!
No target in view!
No target in view!
No target in view!
No target in view!
No target in view!
No target in view!
No target in view!
No target in view!
No target in view!
No target in view!
There is a strange disturbance nearby!
There is a strange disturbance nearby!
There is a strange disturbance nearby!
No target in view!
You barely miss something. Something hits you.
You miss something. Your headbutt misses something. Something hits you.
You hit something. Something hits you.
You hit something but do no damage. Your headbutt misses something.
Something hits you!
You miss something. You headbutt something.
You hear some strange, mumbled words.
You are confused.
You bump into the rock wall.
Something hits you!
* * * LOW HITPOINT WARNING * * *
A magic dart appears from out of thin air!
The magic dart hits you.
* * * LOW HITPOINT WARNING * * *
You see here 13 gold pieces.
Something hits you!
You die...

>###################.......
........)............######
..########..........## #..
#.########.# ##.# #.# ##.#
##... #)# #...##..## #.#
........#. #..######.###.#
#...###.#. #.......$@{..#
...## #.#. ##.#####.####.#
#..# #.#. #.# #.## #.# #
#... ... #...###... ...
#....... #.... ...<.###†.
##.#. ..#. ### .. #


There were no monsters in sight!

Vanquished Creatures
  A necrophage (D:2)
  2 elf zombies (Ossuary)
  A centaur zombie (Ossuary)
  A hound (D:4)
  A human zombie (Ossuary)
  3 orc priests
  Ijyb (D:3)
  Natasha (thrice) (D:3)
  2 orc wizards
  2 mummies (Ossuary)
  Robin (D:3)
  8 gnolls
  5 adders
  An adder zombie (Ossuary)
  2 dart slugs (D:1)
  5 orcs
  6 bats
  8 endoplasms
  2 giant cockroaches
  13 goblins
  14 hobgoblins
  3 jackals (D:1)
  8 kobolds
  A quokka (D:2)
  6 ball pythons
  A frilled lizard (D:1)
  3 goblin zombies
  8 hobgoblin zombies (Ossuary)
  A jackal zombie (Ossuary)
  10 kobold zombies (Ossuary)
  9 orc zombies (Ossuary)
  A quokka zombie (D:4)
  7 rats
  A rat zombie (Ossuary)
141 creatures vanquished.

Notes
Turn   | Place    | Note
-------+----------+-------------------------------------------
     0 | D:1      | Naeght the Minotaur Berserker began the quest for the Orb.
     0 | D:1      | Reached XP level 1. HP: 19/19 MP: 0/0
     9 | D:1      | Found a faded altar of an unknown god.
    79 | D:1      | Reached XP level 2. HP: 18/27 MP: 1/1
   761 | D:1      | Reached XP level 3. HP: 33/33 MP: 2/2
  1014 | D:1      | Reached ** piety under Trog
  1252 | D:2      | Reached XP level 4. HP: 40/40 MP: 3/3
  1591 | D:2      | Reached XP level 5. HP: 19/47 MP: 4/4
  1869 | D:2      | Noticed a necrophage
  1880 | D:2      | Killed a necrophage
  1881 | D:2      | Reached skill level 5 in Fighting
  1881 | D:2      | Reached skill level 5 in Long Blades
  1881 | D:2      | Reached XP level 6. HP: 47/56 MP: 5/5
  3058 | D:3      | Noticed Ijyb
  3091 | D:3      | Killed Ijyb
  3270 | D:3      | Noticed Natasha
  3275 | D:3      | Killed Natasha
  3311 | D:3      | Noticed Natasha
  3315 | D:3      | Killed Natasha
  3322 | D:3      | Noticed Natasha
  3329 | D:3      | Noticed Robin
  3343 | D:3      | Killed Natasha
  3345 | D:3      | Reached *** piety under Trog
  3354 | D:3      | Killed Robin
  3717 | D:3      | Found Caucinly's Antique Armour Emporium.
  3810 | D:3      | Found a hazy altar of Hepliaklqana.
  4009 | D:4      | Found a sand-covered staircase.
  4022 | Ossuary  | Entered an ossuary
  4080 | Ossuary  | Reached XP level 7. HP: 62/62 MP: 6/6
  4112 | Ossuary  | Reached **** piety under Trog
  4173 | Ossuary  | Reached skill level 5 in Armour
  4300 | Ossuary  | Reached skill level 5 in Dodging
  4540 | D:4      | Slain by an orc wizard

Illustrated notes

Levels and vault maps discovered:
D:1:      mrwooster_arrival_statue_2, layout_loops_corners,
          hellmonk_ecumenical_altar_run_dry, minivault_23
D:2:      layout_basic, chequers_avenue, supply_closet_lemuel,
          minmay_misc_feat_more_columns
D:3:      layout_loops_ring, worldfamousw_hep_ancestral_shrine, serial_shops,
          shop, grunt_decor_arrowhead, uniq_ijyb, uniq_natasha, uniq_robin
D:4:      layout_loops_ring, enter_ossuary_4

Skill      XL: |  1  2  3  4  5  6  7 |
---------------+----------------------+-----
Long Blades    | 4 5 6 |  6.3
Fighting       | 4 5 6 |  6.3
Armour         | 3 4 5 |  5.6
Dodging        | 3 4 5 |  5.2

Action                   |  1- 3 |  4- 6 |  7- 9 || total
-------------------------+-------+-------+-------++-------
Melee: Falchion          |    61 |   150 |   131 ||   342
       Headbutt          |    11 |    30 |    30 ||    71
Invok: Berserk           |     1 |     2 |       ||     3
  Use: Potion            |       |       |     1 ||     1
Armor: Animal skin       |    11 |       |       ||    11
       Scale mail        |     2 |    59 |    65 ||   126
Dodge: Dodged            |    35 |    93 |    56 ||   184
       Rpst.: Falchion   |    10 |    27 |    14 ||    51
